[Event "Titled Tuesday Blitz June 6 Late 2023"]
[White "Oro, Faustino"]
[Black "Roberson, Peter T"]
[WhiteFideId "20000197"]
[BlackFideId "412384"]
[WhiteElo "1984"]
[BlackElo "2346"]
[Result "1-0"]
[Round "6"]
[TimeControl "180+2"]
[Date "2023.06.07"]
[WhiteClock "0:00:10"]
[BlackClock "0:00:02"]
[Board "43"]

1. Nf3 Nf6 2. d4 d5 3. g3 e6 4. Bg2 Be7 5. O-O O-O 6. c4 dxc4 7. Qc2 a6 8. a4 Bd7 9. Qxc4 Bc6 10. Bg5 Nbd7 11. Nbd2 h6 12. Bxf6 Nxf6 13. e3 a5 14. Qc2 Nd5 15. Nc4 Nb4 16. Qd2 b6 17. Rfc1 Rc8 18. Qe2 Bb7 19. Nfe5 Bxg2 20. Kxg2 c5 21. dxc5 Bxc5 22. Rd1 Qe7 23. Rd7 Qf6 24. Rad1 Nc6 25. Nd3 Nb4 26. Nxc5 Rxc5 27. Nxb6 Rc2 28. R1d2 Qxb2 29. Rxc2 Nxc2 30. Nc4 Qc3 31. Kg1 Rb8 32. h4 Na3 33. Nd6 Rf8 34. Ne4 Qb3 35. Rd4 Nc2 36. Rc4 Nb4 37. Nd2 Qxa4 38. Qg4 Qb5 39. Qe4 a4 40. Rxb4 Qd7 41. Nf1 a3 42. Ra4 Qd6 43. Qb4 Qxb4 44. Rxb4 Ra8 45. Rb1 g5 46. hxg5 hxg5 47. Nd2 Kg7 48. Nc4 a2 49. Ra1 Kf6 50. Kg2 Kf5 51. Nd6+ Kf6 52. Nb5 g4 53. Nc3 Ra3 54. Nxa2 Kg5 55. Kf1 f5 56. Ke2 e5 57. Kd2 f4 58. gxf4+ exf4 59. e4 g3 60. fxg3 fxg3 61. Ke2 Kf4 62. Rf1+ Kxe4 63. Nc1 Ra1 64. Rg1 g2 65. Kf2 Rb1 66. Kxg2 Kf5 67. Rf1+ Kg4 68. Kf2 Rb2+ 69. Ke3 Kg5 70. Kd3 Rb8 71. Kc3 Rd8 72. Nd3 Rc8+ 73. Kd2 Re8 74. Rg1+ Kf5 75. Ra1 Rd8 76. Ra5+ Ke4 77. Ra4+ Kf5 78. Ke3 Re8+ 79. Kf3 Rd8 80. Ra5+ Kf6 81. Nf4 Rb8 82. Kg4 Rb4 83. Kg3 Rb3+ 84. Kg4 Rb4 85. Ra6+ Kf7 86. Rd6 Ra4 87. Kg5 Ke7 88. Rd3 Ra5+ 89. Kg4 Ra4 90. Kf5 Ra5+ 91. Ke4 Ra4+ 92. Ke5 Ra1 93. Nd5+ Kd7 94. Rc3 Re1+ 95. Ne3 Rd1 96. Nxd1 1-0


[Site "https://www.chess.com"]

[Event "Titled Tuesday Blitz June 6 Late 2023"]
[White "Simonian, Hrair"]
[Black "Sargsyan, Anna M."]
[WhiteFideId "13302337"]
[BlackFideId "13308130"]
[WhiteElo "2447"]
[BlackElo "2284"]
[Result "1-0"]
[Round "6"]
[TimeControl "180+2"]
[Date "2023.06.07"]
[WhiteClock "0:00:14"]
[BlackClock "0:00:01"]
[Board "44"]

1. e4 e5 2. Nf3 Nc6 3. Bb5 a6 4. Ba4 Nf6 5. O-O Nxe4 6. d4 b5 7. Bb3 d5 8. dxe5 Be6 9. c3 Be7 10. Nd4 Nxd4 11. cxd4 O-O 12. f3 Ng5 13. h4 Nh3+ 14. gxh3 Bxh3 15. Rf2 Bxh4 16. Rh2 Qd7 17. Bxd5 Rad8 18. e6 Qxd5 19. Rxh3 Bf6 20. exf7+ Rxf7 21. Be3 Qe6 22. Rh2 Qxe3+ 23. Kh1 Rxd4 24. Qf1 Be5 25. Rh3 Qd3 26. Nc3 Qc2 27. Re1 Bf4 28. Ne2 Rd2 29. Rh4 g5 30. Rg4 Kf8 31. Nxf4 gxf4 32. Qh3 Qc6 33. Reg1 Rf2 34. Rg8+ Ke7 35. Qh4+ Rf6 36. R1g7+ Ke6 37. Qxf2 Qc1+ 38. Kg2 Kd6 39. Qd4+ 1-0


[Site "https://www.chess.com"]

[Event "Titled Tuesday Blitz June 6 Late 2023"]
[White "benny_aizenberg"]
[Black "Ozates, Tuna"]
[BlackFideId "6354521"]
[WhiteElo "2716"]
[BlackElo "2151"]
[Result "1-0"]
[Round "6"]
[TimeControl "180+2"]
[Date "2023.06.07"]
[WhiteClock "0:01:34"]
[BlackClock "0:00:27"]
[Board "45"]

1. g4 d5 2. g5 e5 3. h4 Nc6 4. Bg2 Be6 5. d3 Qd7 6. Nc3 O-O-O 7. e4 d4 8. Nce2 h6 9. f4 Bg4 10. fxe5 Nxe5 11. Bf4 Bb4+ 12. Kf2 Bd6 13. Nf3 Bxf3 14. Bxf3 Nxf3 15. Kxf3 Ne7 16. Qg1 Ng6 17. Qg4 Qxg4+ 18. Kxg4 Nxf4 19. Nxf4 Bxf4 20. Kxf4 hxg5+ 21. hxg5 Kd7 22. Ke5 c5 23. Raf1 Ke7 24. Rxh8 Rxh8 25. Kd5 b6 26. Kc6 Rh2 27. Rc1 Rg2 28. Kb7 Rxg5 29. Kxa7 Rg6 30. c3 dxc3 31. bxc3 Rd6 32. e5 Rxd3 33. Kxb6 c4 34. a4 Rd2 35. Ra1 Rb2+ 36. Kc5 Ke6 37. a5 g5 38. a6 Rb8 39. a7 Ra8 40. Kd4 Kf5 41. Rf1+ Kg6 42. Rf6+ Kg7 43. Ra6 f5 44. exf6+ Kg6 45. Ke4 Re8+ 46. Kf3 Ra8 47. Kg4 Kh6 48. Kf5 Kh5 49. Ra1 1-0


[Site "https://www.chess.com"]

[Event "Titled Tuesday Blitz June 6 Late 2023"]
[White "Trifan, Andrei Ioan"]
[Black "Skvortsov, Andrei"]
[WhiteFideId "12967068"]
[BlackFideId "24108600"]
[WhiteElo "2208"]
[BlackElo "2259"]
[Result "1-0"]
[Round "6"]
[TimeControl "180+2"]
[Date "2023.06.07"]
[WhiteClock "0:00:14"]
[BlackClock "0:00:18"]
[Board "46"]

1. e4 d5 2. exd5 Qxd5 3. Nc3 Qe5+ 4. Be2 Bg4 5. d4 Bxe2 6. Ngxe2 Qa5 7. Qd3 e6 8. Bd2 Nf6 9. Ne4 Qd5 10. N2c3 Qd7 11. Nxf6+ gxf6 12. O-O-O Nc6 13. d5 Ne5 14. Qe4 O-O-O 15. Be3 Bd6 16. dxe6 fxe6 17. Bxa7 f5 18. Qe2 Qc6 19. Bd4 Nc4 20. Bxh8 Rxh8 21. Qxe6+ Kb8 22. Qd5 Qa6 23. Qb5 Bf4+ 24. Kb1 Nd2+ 25. Ka1 Qg6 26. g3 Bh6 27. f4 Ne4 28. Nxe4 fxe4 29. f5 Qf6 30. Rhe1 e3 31. Qb3 Re8 32. Qd3 b6 33. Re2 Kb7 34. Qd5+ Kb8 35. a3 Bg7 36. c3 Bf8 37. Rde1 Bc5 38. Rd1 Ka7 39. Qd7 Re7 40. Qd5 Bd6 41. g4 Re5 42. Qb3 Qh4 43. Qc4 Re7 44. Rd3 Qg5 45. Qd5 Re5 46. Qc6 Rc5 47. Qd7 Bf4 48. b4 Rc4 49. Qd5 Qxg4 50. Rg2 Qh3 51. Qxc4 Qxg2 52. Qxf4 e2 53. Qxc7+ Ka6 54. Qc8+ Kb5 55. Qd7+ Kc4 56. Qd4+ Kb3 57. c4+ Ka4 58. Qd7+ b5 59. Qxb5# 1-0


[Site "https://www.chess.com"]

[Event "Titled Tuesday Blitz June 6 Late 2023"]
[White "Bilan, Danila"]
[Black "Nasuta, Grzegorz"]
[WhiteFideId "24161918"]
[BlackFideId "1141686"]
[WhiteElo "2146"]
[BlackElo "2449"]
[Result "0-1"]
[Round "6"]
[TimeControl "180+2"]
[Date "2023.06.07"]
[WhiteClock "0:00:24"]
[BlackClock "0:01:31"]
[Board "47"]

1. d4 g6 2. Nf3 Bg7 3. Bg5 b6 4. c3 Bb7 5. Nbd2 Nf6 6. Qc2 d5 7. e3 Nbd7 8. Bd3 c5 9. O-O O-O 10. Rfe1 Re8 11. Ne5 Nxe5 12. dxe5 Nd7 13. f4 Qc7 14. Nf3 f6 15. Bxg6 hxg6 16. Qxg6 Nf8 17. Qh5 fxg5 18. f5 Nh7 19. e6 Rf8 20. g4 d4 21. e4 Qf4 22. Rf1 Bxe4 0-1


[Site "https://www.chess.com"]

[Event "Titled Tuesday Blitz June 6 Late 2023"]
[White "Gokerkan, Cem Kaan"]
[Black "WindWhistler11"]
[WhiteFideId "6336760"]
[WhiteElo "2365"]
[BlackElo "2542"]
[Result "0-1"]
[Round "6"]
[TimeControl "180+2"]
[Date "2023.06.07"]
[WhiteClock "0:00:01"]
[BlackClock "0:00:43"]
[Board "48"]

1. d4 Nf6 2. Nf3 e6 3. Bf4 c5 4. e3 cxd4 5. exd4 b6 6. Nbd2 Bb7 7. Bd3 d6 8. O-O Nbd7 9. Re1 Be7 10. c3 O-O 11. Qe2 Re8 12. Rad1 Nf8 13. h3 a6 14. Nc4 b5 15. Ne3 Ng6 16. Bh2 Rc8 17. a4 bxa4 18. Ra1 a5 19. Rxa4 Bc6 20. Ra2 Qb6 21. Nc4 Bxf3 22. Qxf3 Qb3 23. Ra3 Qb8 24. Rxa5 Rxc4 25. Bxc4 Qxb2 26. Ra8 Rxa8 27. Qxa8+ Nf8 28. Qf3 h6 29. Bf1 d5 30. Qd3 Ne4 31. Re2 Qa1 32. c4 Bg5 33. cxd5 exd5 34. Be5 Ne6 35. g3 f6 36. Bb8 Nxd4 37. Rxe4 dxe4 38. Qxe4 f5 39. Qd5+ Kh7 40. Kg2 Bf6 41. Bd3 g6 42. Qf7+ Bg7 43. Be5 Qa8+ 44. Kf1 Qh1# 0-1


[Site "https://www.chess.com"]

[Event "Titled Tuesday Blitz June 6 Late 2023"]
[White "Machidon, Cristi"]
[Black "Do Valle Cardoso, Lucas"]
[WhiteFideId "13904590"]
[BlackFideId "2163144"]
[WhiteElo "2355"]
[BlackElo "2364"]
[Result "1-0"]
[Round "6"]
[TimeControl "180+2"]
[Date "2023.06.07"]
[WhiteClock "0:01:21"]
[BlackClock "0:00:11"]
[Board "49"]

1. e4 c5 2. Nf3 d6 3. d4 cxd4 4. Nxd4 Nf6 5. Nc3 a6 6. f3 e5 7. Nb3 Be6 8. Be3 h5 9. Qd2 Nbd7 10. O-O-O b6 11. Nd5 Bxd5 12. exd5 Be7 13. Kb1 Qc7 14. Be2 Nc5 15. h4 g6 16. g4 hxg4 17. fxg4 Nfe4 18. Qe1 f5 19. h5 f4 20. Bxc5 Nxc5 21. hxg6 O-O-O 22. Rh7 Kb8 23. Nxc5 bxc5 24. Bxa6 Rhg8 25. Rd3 c4 26. Bxc4 Rxg6 27. Rb3+ Kc8 28. Bb5 Rxg4 29. Rc3 Rdg8 30. Rxc7+ Kb8 1-0


[Site "https://www.chess.com"]

[Event "Titled Tuesday Blitz June 6 Late 2023"]
[White "Gritsenko, Nikolai"]
[Black "Vovk, Orest"]
[WhiteFideId "14112493"]
[BlackFideId "14113490"]
[WhiteElo "2389"]
[BlackElo "2215"]
[Result "1-0"]
[Round "6"]
[TimeControl "180+2"]
[Date "2023.06.07"]
[WhiteClock "0:00:07"]
[BlackClock "0:00:02"]
[Board "50"]

1. d4 h6 2. e4 g5 3. c4 Bg7 4. Nc3 c5 5. Be3 Nc6 6. dxc5 Bxc3+ 7. bxc3 Qa5 8. Ne2 Nf6 9. f3 b6 10. cxb6 axb6 11. Qd2 d6 12. Nd4 Ne5 13. Nb5 Kf8 14. h4 gxh4 15. Bxh6+ Ke8 16. Bg7 Rg8 17. Bxf6 exf6 18. Qxd6 Ra7 19. Qxf6 Re7 20. Rd1 Bd7 21. Qd6 Kf8 22. Qb4 Qxa2 23. Rxh4 Rxg2 24. Bxg2 Qxg2 25. Rxd7 Qg3+ 26. Kd1 Qxh4 27. Qxe7+ Qxe7 28. Rxe7 Kxe7 29. Ke2 Nxc4 30. Nd4 Nd6 31. Kd3 f6 32. f4 Nb7 33. Kc4 Nd6+ 34. Kd5 Kd7 35. e5 fxe5 36. fxe5 Ne8 37. e6+ Kc7 38. Nb5+ Kb7 39. Nd6+ 1-0


[Site "https://www.chess.com"]

[Event "Titled Tuesday Blitz June 6 Late 2023"]
[White "Matinian, Nikita"]
[Black "D`Arruda, Ricardo D."]
[WhiteFideId "24129100"]
[BlackFideId "100692"]
[WhiteElo "2422"]
[BlackElo "2534"]
[Result "0-1"]
[Round "6"]
[TimeControl "180+2"]
[Date "2023.06.07"]
[WhiteClock "0:00:06"]
[BlackClock "0:00:17"]
[Board "51"]

1. e4 c5 2. Nf3 Nc6 3. Bb5 g6 4. O-O Bg7 5. d3 Nf6 6. Nc3 O-O 7. Bxc6 bxc6 8. e5 Nd5 9. Ne4 d6 10. exd6 exd6 11. h3 f5 12. Ned2 h6 13. Nc4 Be6 14. Re1 Qd7 15. c3 Rae8 16. Bd2 g5 17. Nh2 f4 18. Qf3 Bf5 19. Rxe8 Rxe8 20. Re1 Rxe1+ 21. Bxe1 Qe6 22. Kf1 Nb6 23. b3 Nxc4 24. bxc4 d5 25. cxd5 Qxd5 26. Qxd5+ cxd5 27. Ke2 c4 28. dxc4 dxc4 29. Nf3 Bd3+ 30. Kd2 Bf1 31. g3 fxg3 32. fxg3 Bxh3 33. Bf2 a6 34. Bd4 Be6 35. Ke3 Bf8 36. Ne5 Bd6 37. Ke4 h5 38. Bf2 Kg7 39. Nf3 Kg6 40. Nd4 Bf7 41. a4 Be7 42. a5 Bd8 43. Nc6 Bf6 44. Nb4 Bxc3 45. Nxa6 Bxa5 46. Nc5 Bb6 47. Kd4 Kf5 48. Be1 Kg4 49. Bb4 Kxg3 50. Ke5 c3 51. Ne4+ Kg2 52. Bxc3 g4 53. Kf4 Be6 54. Be5 h4 55. Ng5 Bd7 56. Ne4 h3 57. Kg5 h2 58. Bxh2 Kxh2 59. Nf6 g3 0-1


[Site "https://www.chess.com"]

[Event "Titled Tuesday Blitz June 6 Late 2023"]
[White "Sun, Rick"]
[Black "Garmendiarov"]
[WhiteFideId "30909481"]
[WhiteElo "2169"]
[BlackElo "2532"]
[Result "1-0"]
[Round "6"]
[TimeControl "180+2"]
[Date "2023.06.07"]
[WhiteClock "0:00:09"]
[BlackClock "0:00:01"]
[Board "52"]

1. e4 c5 2. Nf3 e6 3. d4 cxd4 4. Nxd4 Bc5 5. Nb3 Bb6 6. Bd3 Ne7 7. O-O O-O 8. e5 Nbc6 9. Re1 f5 10. Nc3 Ng6 11. Qh5 Ncxe5 12. Bg5 Qe8 13. Be2 Ng4 14. Bxg4 fxg4 15. Be3 Bxe3 16. Rxe3 Qf7 17. f3 gxf3 18. Rxf3 Qe7 19. Rh3 Rf5 20. Qxh7+ Kf7 21. Rg3 Rg5 22. Rf1+ Ke8 23. Qg8+ Nf8 24. Rxg5 d6 25. Rxg7 Qxg7 26. Qxg7 Nd7 27. Nb5 Kd8 28. Qg8+ Ke7 29. Rf7# 1-0


[Site "https://www.chess.com"]

[Event "Titled Tuesday Blitz June 6 Late 2023"]
[White "Ozer, Omer Faruk"]
[Black "Janaszak, Dawid"]
[WhiteFideId "6354564"]
[BlackFideId "1119206"]
[WhiteElo "2260"]
[BlackElo "2220"]
[Result "1-0"]
[Round "6"]
[TimeControl "180+2"]
[Date "2023.06.07"]
[WhiteClock "0:00:14"]
[BlackClock "0:00:03"]
[Board "53"]

1. d4 d5 2. c4 e6 3. Nc3 c5 4. Nf3 Nc6 5. cxd5 exd5 6. g3 Nf6 7. Bg2 Be7 8. dxc5 Bxc5 9. O-O O-O 10. Bg5 d4 11. Na4 Be7 12. Rc1 h6 13. Bf4 Re8 14. Ne5 Nd5 15. Nxc6 bxc6 16. Bd2 Qd6 17. Qc2 Bd7 18. Rfe1 Nb4 19. Qb1 Rab8 20. Nc5 Bg4 21. a3 Nd5 22. Nd3 Bf5 23. Qa2 Be6 24. Qa1 Bf5 25. Nf4 Bf6 26. Nxd5 cxd5 27. Bf4 Be5 28. Bxe5 Rxe5 29. b4 d3 30. exd3 Rxe1+ 31. Rxe1 Bxd3 32. Qd4 Bc4 33. Qxa7 Rd8 34. Qd4 Qa6 35. Re3 Qa4 36. h4 Qc2 37. Re7 Qc1+ 38. Kh2 Qxa3 39. Qc5 Rf8 40. Rc7 Qa2 41. b5 Bxb5 42. Qxb5 Qxf2 43. Qxd5 Re8 44. Qf3 Qa2 45. h5 Re2 46. Rc8+ Kh7 47. Qf5+ g6 48. hxg6+ Kg7 49. Qxf7+ Qxf7 50. gxf7 Kxf7 51. Kh3 Kg6 52. Rc6+ Kg5 53. Rc5+ Kg6 54. Bf3 Rf2 55. Bh5+ Kf6 56. Kg4 Rb2 57. Rc6+ Kg7 58. Rg6+ Kh7 59. Rf6 Rb4+ 60. Kh3 Rb5 61. Kh4 Kg7 62. Rf7+ Kg8 63. Rd7 Rb1 64. Bg6 Rb4+ 65. Kh5 Rb3 66. Kxh6 Kf8 67. Rf7+ Kg8 68. Re7 1-0


[Site "https://www.chess.com"]

[Event "Titled Tuesday Blitz June 6 Late 2023"]
[White "Ladan, Nicholas"]
[Black "Kleiman, Jake"]
[WhiteFideId "30918855"]
[BlackFideId "2020041"]
[WhiteElo "2167"]
[BlackElo "2677"]
[Result "0-1"]
[Round "6"]
[TimeControl "180+2"]
[Date "2023.06.07"]
[WhiteClock "0:00:48"]
[BlackClock "0:00:22"]
[Board "54"]

1. d4 Nf6 2. Nf3 e6 3. Bf4 d5 4. e3 Bd6 5. Ne5 O-O 6. Nd2 b6 7. Bd3 c5 8. c3 Ba6 9. Qe2 Bxd3 10. Qxd3 Qc7 11. g4 Nc6 12. g5 Nd7 13. Nxd7 Qxd7 14. Nf3 Qc7 15. Bxd6 Qxd6 16. O-O-O Rfc8 17. Kb1 Rab8 18. h4 b5 19. h5 c4 20. Qc2 b4 21. g6 fxg6 22. hxg6 h6 23. Rh5 b3 24. axb3 cxb3 25. Qd3 Na5 26. Ne5 Nc4 27. Nf7 Qa6 28. Rdh1 Qa2+ 29. Kc1 Qxb2+ 30. Kd1 Qxf2 31. Nxh6+ gxh6 32. Rxh6 Nb2+ 0-1


[Site "https://www.chess.com"]

[Event "Titled Tuesday Blitz June 6 Late 2023"]
[White "Shuvalova, Polina"]
[Black "Fieberg, Samuel"]
[WhiteFideId "24171760"]
[BlackFideId "12901717"]
[WhiteElo "2281"]
[BlackElo "2513"]
[Result "1-0"]
[Round "6"]
[TimeControl "180+2"]
[Date "2023.06.07"]
[WhiteClock "0:01:55"]
[BlackClock "0:00:43"]
[Board "55"]

1. e4 e6 2. d4 d5 3. Nd2 c5 4. exd5 Qxd5 5. Ngf3 cxd4 6. Bc4 Qd6 7. O-O Nf6 8. Nb3 Nc6 9. Nbxd4 Nxd4 10. Nxd4 Be7 11. Re1 O-O 12. c3 Qc7 13. Bd3 Bd7 14. Bg5 h6 15. Bh4 Rad8 16. Qf3 Bc6 17. Nxc6 Qxc6 18. Qxc6 bxc6 19. Rad1 Nd5 20. Bxe7 Nxe7 21. Be4 c5 22. g3 g6 23. Kg2 Kg7 24. h4 g5 25. hxg5 hxg5 26. b4 cxb4 27. cxb4 f5 28. Bb7 Kf6 29. b5 Rxd1 30. Rxd1 Rb8 31. Rd7 g4 32. a4 Ng6 33. Bc6 f4 34. gxf4 Nxf4+ 35. Kg3 Kg5 36. Rg7+ Ng6 37. Be4 1-0


[Site "https://www.chess.com"]

[Event "Titled Tuesday Blitz June 6 Late 2023"]
[White "Jimenez Almeida, Luis David"]
[Black "Korchmar, Vasiliy"]
[WhiteFideId "22242244"]
[BlackFideId "24131750"]
[WhiteElo "2245"]
[BlackElo "2370"]
[Result "1-0"]
[Round "6"]
[TimeControl "180+2"]
[Date "2023.06.07"]
[WhiteClock "0:00:48"]
[BlackClock "0:00:07"]
[Board "56"]

1. e4 c5 2. Nc3 d6 3. Nge2 Nc6 4. d4 cxd4 5. Nxd4 Nf6 6. Bg5 Bd7 7. Qd2 a6 8. f4 e6 9. O-O-O Be7 10. h4 b5 11. h5 h6 12. Bxf6 gxf6 13. f5 b4 14. Nce2 Qa5 15. Kb1 Ne5 16. Nf4 exf5 17. Nxf5 Bxf5 18. exf5 d5 19. g3 Rd8 20. Nxd5 Rd6 21. Bg2 Bd8 22. Rhe1 Qc5 23. Nxf6+ 1-0


[Site "https://www.chess.com"]

[Event "Titled Tuesday Blitz June 6 Late 2023"]
[White "laziestwin"]
[Black "Pinheiro, Iung Alicio de O."]
[BlackFideId "2104350"]
[WhiteElo "2669"]
[BlackElo "2283"]
[Result "0-1"]
[Round "6"]
[TimeControl "180+2"]
[Date "2023.06.07"]
[WhiteClock "0:00:01"]
[BlackClock "0:00:02"]
[Board "57"]

1. d4 Nf6 2. c4 Nc6 3. Nf3 e6 4. Nc3 Bb4 5. Qc2 d6 6. Bd2 a5 7. a3 Bxc3 8. Bxc3 a4 9. g3 Qe7 10. Bg2 e5 11. O-O O-O 12. d5 Nb8 13. e4 Nbd7 14. Ne1 Nc5 15. h3 Nh5 16. Qe2 g6 17. Nd3 b6 18. Kh2 Ba6 19. Nb4 Bc8 20. f4 f6 21. Nc6 Qe8 22. fxe5 fxe5 23. Rxf8+ Qxf8 24. Rf1 Qe8 25. Bd2 Bd7 26. Bh6 Bxc6 27. Rf8+ Qxf8 28. Bxf8 Rxf8 29. dxc6 Kg7 30. Qg4 Nf6 31. Qe2 Ng8 32. Bf3 Ne7 33. Qe3 Nxc6 34. h4 Nd4 35. Bd1 h6 36. h5 g5 37. Bg4 Rf1 38. Bh3 Rf3 39. Qe1 Nd3 40. Qd1 Rf2+ 41. Bg2 Nxb2 42. Qc1 Rc2 43. Qe3 Nd1 0-1


[Site "https://www.chess.com"]

[Event "Titled Tuesday Blitz June 6 Late 2023"]
[White "Camilla_Lee"]
[Black "Zhurbinsky, David"]
[BlackFideId "2072904"]
[WhiteElo "2499"]
[BlackElo "2664"]
[Result "1-0"]
[Round "6"]
[TimeControl "180+2"]
[Date "2023.06.07"]
[WhiteClock "0:00:39"]
[BlackClock "0:00:01"]
[Board "58"]

1. e4 e5 2. Nf3 Nc6 3. Nc3 Nf6 4. d4 exd4 5. Nd5 Be7 6. Nxd4 Nxe4 7. Nb5 O-O 8. Nbxc7 Bc5 9. Be3 Bxe3 10. fxe3 Qh4+ 11. g3 Nxg3 12. hxg3 Qxh1 13. Nxa8 d6 14. Nac7 Bh3 15. Kd2 Be6 16. Bc4 Qe4 17. Qe2 Ne5 18. Bb3 Bg4 19. Qf2 Nf3+ 20. Kc1 Bf5 21. Nc3 Qg4 22. a4 Ne5 23. Kb1 Kh8 24. N7d5 Bg6 25. Ka2 Rc8 26. Qf4 1-0


[Site "https://www.chess.com"]

[Event "Titled Tuesday Blitz June 6 Late 2023"]
[White "Petesch, Gabriel"]
[Black "Veiga, Jose Francisco R P Neves"]
[WhiteFideId "2032465"]
[BlackFideId "1930087"]
[WhiteElo "2374"]
[BlackElo "2319"]
[Result "0-1"]
[Round "6"]
[TimeControl "180+2"]
[Date "2023.06.07"]
[WhiteClock "0:00:04"]
[BlackClock "0:00:23"]
[Board "59"]

1. e3 e5 2. d4 exd4 3. exd4 Nf6 4. c3 d5 5. Bd3 Bd6 6. Nf3 O-O 7. O-O Bg4 8. Nbd2 Nbd7 9. Qc2 Re8 10. Bf5 Bxf5 11. Qxf5 Nf8 12. Ne5 Qc8 13. Qxc8 Raxc8 14. f4 N6d7 15. Ndf3 f6 16. Nd3 Re4 17. Bd2 Rce8 18. Rae1 c6 19. Kf2 Ng6 20. g3 h5 21. a4 Ne7 22. Nh4 Kf7 23. a5 c5 24. dxc5 Nxc5 25. Nxc5 Bxc5+ 26. Kf3 Nc6 27. b4 Bf8 28. Re3 g5 29. fxg5 fxg5 30. Ke2+ Kg7 31. Nf5+ Kg6 32. h4 g4 33. Rxe4 Rxe4+ 34. Kd3 Ne5+ 35. Kc2 Nc4 36. Nd4 Bd6 37. Bg5 Be7 38. Bxe7 Ne3+ 39. Kd3 Nxf1 40. Bd6 Re3+ 41. Kc2 Nxg3 42. Bb8 a6 43. b5 Ne4 44. b6 Rxc3+ 45. Kb2 g3 46. Ne2 g2 47. Nf4+ Kf5 48. Nxg2 Rc8 49. Bc7 Kg4 50. Ne3+ Kxh4 51. Nxd5 Kg5 52. Nb4 Nc5 53. Bd6 Nd7 54. Be7+ Kf5 55. Nd5 Ke6 0-1


[Site "https://www.chess.com"]

[Event "Titled Tuesday Blitz June 6 Late 2023"]
[White "Amburgy, Ryan"]
[Black "Yeritsyan, Hayk"]
[WhiteFideId "30924820"]
[BlackFideId "13307320"]
[WhiteElo "2134"]
[BlackElo "2494"]
[Result "1/2-1/2"]
[Round "6"]
[TimeControl "180+2"]
[Date "2023.06.07"]
[WhiteClock "0:00:27"]
[BlackClock "0:00:14"]
[Board "60"]

1. d4 d5 2. c4 e6 3. Nc3 Nf6 4. Nf3 c6 5. g3 Nbd7 6. Bg2 Be7 7. Nd2 O-O 8. O-O b6 9. e4 dxe4 10. Ndxe4 Bb7 11. Bf4 Nxe4 12. Nxe4 Nf6 13. Nc3 Bd6 14. Qd2 Bxf4 15. Qxf4 Qb8 16. Qe3 Rd8 17. Rfd1 Qc7 18. Rd2 Rac8 19. Rad1 h6 20. h3 Ba6 21. b3 Bb7 22. a4 Rd7 23. Qe5 Rcd8 24. Qxc7 Rxc7 25. Kf1 Rcd7 26. Ke2 Kf8 27. Ne4 Nxe4 28. Bxe4 c5 29. Bxb7 Rxb7 30. dxc5 Rxd2+ 31. Kxd2 Rd7+ 32. Kc2 Rxd1 33. Kxd1 bxc5 34. Kd2 a5 35. f4 Ke7 36. Ke3 Kd6 37. Ke4 f5+ 38. Ke3 e5 39. Kf3 Ke6 40. Ke3 exf4+ 41. gxf4 g5 42. h4 g4 43. h5 Kd6 44. Kf2 Kc6 45. Kg3 Kd6 46. Kg2 Ke6 47. Kg3 Kd6 48. Kg2 Ke6 49. Kg3 Kd6 1/2-1/2


[Site "https://www.chess.com"]

[Event "Titled Tuesday Blitz June 6 Late 2023"]
[White "Papp, Levente"]
[Black "Urbina Perez, Juan Antonio"]
[WhiteFideId "751243"]
[BlackFideId "2217368"]
[WhiteElo "2380"]
[BlackElo "2197"]
[Result "1/2-1/2"]
[Round "6"]
[TimeControl "180+2"]
[Date "2023.06.07"]
[WhiteClock "0:00:11"]
[BlackClock "0:00:16"]
[Board "61"]

1. Nf3 d5 2. b3 c6 3. Bb2 Bf5 4. g3 e6 5. Bg2 h6 6. O-O Nf6 7. d3 Nbd7 8. Nbd2 Bc5 9. e4 Bg6 10. e5 Ng8 11. d4 Bb6 12. c4 Ne7 13. Nh4 O-O 14. c5 Bc7 15. Nxg6 Nxg6 16. f4 b6 17. b4 a5 18. a3 axb4 19. axb4 bxc5 20. bxc5 Rxa1 21. Qxa1 Qa8 22. Bc3 Ne7 23. Bh3 g6 24. Rb1 Qxa1 25. Rxa1 Rc8 26. Ra7 Kf8 27. Bf1 Nb8 28. Nb3 Ke8 29. Ba5 Bxa5 30. Nxa5 Nf5 31. Nb7 Nd7 32. g4 Nxd4 33. Nd6+ Kd8 34. Nxc8 Kxc8 35. Ra8+ Kc7 36. Rh8 Nb3 37. Rxh6 Nbxc5 38. Rh7 d4 39. h4 d3 40. h5 gxh5 41. gxh5 d2 42. Be2 Nd3 43. Rxf7 Kd8 44. h6 Ke8 45. Rxd7 Kxd7 46. h7 Nxf4 47. Kf2 Ng6 48. Ke3 Ke7 49. Kxd2 Kf8 50. Bd3 Nh8 51. Kc3 Kg7 52. Kd4 Nf7 53. Be4 c5+ 54. Kxc5 Nxe5 55. Kd6 Nf7+ 56. Kxe6 Ng5+ 57. Ke7 Nxh7 1/2-1/2


[Site "https://www.chess.com"]

[Event "Titled Tuesday Blitz June 6 Late 2023"]
[White "Annaberdiyev, Meylis"]
[Black "Seletsky, Grigory"]
[WhiteFideId "14000563"]
[BlackFideId "14112191"]
[WhiteElo "2416"]
[BlackElo "2491"]
[Result "1-0"]
[Round "6"]
[TimeControl "180+2"]
[Date "2023.06.07"]
[WhiteClock "0:00:11"]
[BlackClock "0:00:01"]
[Board "62"]

1. e4 e6 2. d4 d5 3. e5 c5 4. Nf3 Nc6 5. Bd3 cxd4 6. O-O Nge7 7. Nbd2 Ng6 8. Re1 f6 9. exf6 gxf6 10. Nb3 e5 11. Nfxd4 Nxd4 12. Nxd4 Bc5 13. Qh5 Kf7 14. Nf5 Bxf5 15. Bxf5 Qb6 16. Be3 Bxe3 17. fxe3 Kg7 18. Rad1 Rad8 19. b3 Rd6 20. Qg4 d4 21. exd4 Rxd4 22. Rxd4 Qxd4+ 23. Qxd4 exd4 24. Rd1 Rd8 25. c3 Rd5 26. Bxg6 Kxg6 27. cxd4 Kf5 28. Rf1+ Kg5 29. Rd1 Kf4 30. Kf2 Ke4 31. Re1+ Kxd4 32. Re7 Rf5+ 33. Kg3 Rg5+ 34. Kf3 Rf5+ 35. Kg3 Rg5+ 36. Kf2 Rf5+ 37. Kg1 Rc5 38. Rxb7 Rc1+ 39. Kf2 Rc2+ 40. Kf3 Rxa2 41. Rxh7 Ra3 42. Rb7 a5 43. h4 a4 44. Rb4+ Kc5 45. Rxa4 Rxb3+ 46. Kg4 Kd6 47. Re4 Rb5 48. Re2 Rd5 49. h5 Rg5+ 50. Kh4 Kd5 51. g4 Kd6 52. Re8 Kd7 53. Re4 Kd6 54. Re1 Kd7 55. Rf1 Ke6 56. Rf3 Kf7 57. Rb3 Re5 58. Rb7+ Kg8 59. Kg3 Rd5 60. Kf4 Rc5 61. Rd7 Kf8 62. Ke4 Kg8 63. Rd5 1-0


[Site "https://www.chess.com"]

[Event "Titled Tuesday Blitz June 6 Late 2023"]
[White "Fiorito, Joaquin"]
[Black "Van Dael, Siem"]
[WhiteFideId "180173"]
[BlackFideId "1049771"]
[WhiteElo "2199"]
[BlackElo "2336"]
[Result "1/2-1/2"]
[Round "6"]
[TimeControl "180+2"]
[Date "2023.06.07"]
[WhiteClock "0:00:13"]
[BlackClock "0:00:06"]
[Board "63"]

1. d4 Nf6 2. c4 g6 3. Nc3 Bg7 4. e4 d6 5. h3 O-O 6. Be3 Nc6 7. Nge2 e5 8. d5 Nd4 9. Nxd4 exd4 10. Bxd4 Re8 11. Bd3 Nxe4 12. Bxe4 f5 13. Bxg7 Kxg7 14. Qd4+ Qf6 15. O-O-O fxe4 16. Nxe4 Qxd4 17. Rxd4 Bd7 18. f3 Re5 19. c5 dxc5 20. Nxc5 Bc8 21. Rhd1 b6 22. Ne4 Bb7 23. Rc4 Rc8 24. d6 Bxe4 25. fxe4 c5 26. b4 Kf6 27. bxc5 bxc5 28. Kc2 Ke6 29. Ra4 Rd8 30. Rxa7 Rxd6 31. Rxd6+ Kxd6 32. Kd3 Rg5 33. g4 h5 34. gxh5 Rxh5 35. Kc4 Rxh3 36. Ra6+ Ke5 37. Kxc5 g5 38. a4 Kxe4 39. Ra8 g4 40. Re8+ Kf4 41. Kd4 Ra3 42. Rf8+ Kg3 43. Ra8 Kg2 44. a5 g3 45. a6 Kf2 46. a7 g2 47. Rf8+ Ke2 48. Rg8 Kf1 49. Rf8+ Ke1 50. Re8+ Kf2 51. Rf8+ Ke2 52. Re8+ Kd1 53. Rg8 Ra4+ 54. Kc5 Rxa7 55. Rxg2 Ra5+ 56. Kb4 Rf5 57. Kc3 Rf3+ 58. Kd4 Ke1 59. Ke4 Ra3 60. Rg1+ Kf2 61. Rb1 Ra4+ 62. Kd3 Ra3+ 63. Kc4 Ke3 64. Kb4 Ra8 65. Re1+ Kd3 66. Re7 Kd4 67. Rd7+ Ke5 68. Rd1 Rb8+ 69. Kc5 Rc8+ 70. Kb6 Rc2 71. Re1+ 1/2-1/2


[Site "https://www.chess.com"]

[Event "Titled Tuesday Blitz June 6 Late 2023"]
[White "Roienko, Artur"]
[Black "Skatchkov, Pavel"]
[WhiteFideId "14136732"]
[BlackFideId "4121848"]
[WhiteElo "2062"]
[BlackElo "2476"]
[Result "0-1"]
[Round "6"]
[TimeControl "180+2"]
[Date "2023.06.07"]
[WhiteClock "0:00:21"]
[BlackClock "0:01:40"]
[Board "64"]

1. e4 e5 2. Nf3 d5 3. exd5 e4 4. Ne5 Qxd5 5. d4 exd3 6. Nxd3 Nf6 7. Nc3 Qf5 8. Bf4 Na6 9. Qd2 Be6 10. O-O-O O-O-O 11. f3 Nb4 12. a3 Qa5 13. Kb1 Nxd3 14. Bxd3 Bxa3 15. bxa3 Qxa3 16. Rhe1 Rd4 17. Nd5 Nxd5 18. Re4 Nc3+ 19. Qxc3 Qxc3 0-1


[Site "https://www.chess.com"]